 Dungeon Crawl Stone Soup version 0.22-a0-565-gfc6459a (webtiles) character file.

324101 Amnesiac the Eclecticist (level 20, -2/143 HPs)
             Began as a Spriggan Earth Elementalist on June 28, 2018.
             Was the Champion of Ashenzari.
             Splashed by an acid blob's acid (3 damage)
             ... on level 1 of the Pits of Slime.
             The game lasted 02:31:33 (55004 turns).

Amnesiac the Eclecticist (SpEE)                    Turns: 55004, Time: 02:31:34

Health: -2/143     AC: 14    Str:  4    XL:     20   Next: 70%
Magic:  0/45       EV: 39    Int: 21    God:    Ashenzari [******]
Gold:   3139       SH: 11    Dex: 20    Spells: 6/59 levels left

rFire    . . .     SeeInvis +   i - +10 quick blade "Vuawkof" {freeze, Dex+4} (curse)
rCold    + . .     Gourm    .   h - +3 buckler (curse)
rNeg     + . .     Faith    .   (armour currently unavailable)
rPois    ∞         Spirit   +   Q - +3 crown of Dyrovepreva {rElec Int+2 SInv} (curse)
rElec    +         Reflect  .   x - +2 cloak {rC+} (curse)
rCorr    +         Harm     .   (gloves unavailable)
MR       ++++.     Clarity  +   (boots unavailable)
Stlth    ++++++++..             M - amulet of guardian spirit (curse)
HPRegen  0.33/turn              n - ring of Fatew {MR+ Slay+3}
MPRegen  0.29/turn              v - ring of Detigg {rCorr +Fly rElec MP+9 Int-3} (curse)

@: about to teleport, statue-form, corroded, very slightly contaminated, very
slow
A: very small, unfitting armour, repulsion field 1, see invisible, deterioration
1, dopey 2, herbivore, frail 1, low mp 2, screaming 1, slow metabolism 2
}: 2/15 runes: barnacled, gossamer
a: End Transformation, Curse Item, Scrying, Transfer Knowledge, Renounce
Religion, Evoke Flight


You were on level 1 of the Pits of Slime.
You worshipped Ashenzari.
Ashenzari was exalted by your worship.
You were not hungry.
You were a stone statue.
You visited 8 branches of the dungeon, and saw 37 of its levels.
You also visited: Labyrinth, Ice Cave, Volcano and Desolation.

You collected 4273 gold pieces.
You spent 1134 gold pieces at shops.

Inventory:

Hand Weapons
 i - the cursed +10 quick blade "Vuawkof" (weapon) {freeze, Dex+4}
   (You acquired it on level 1 of the Elven Halls)

   It has been specially enchanted to freeze those struck by it, causing extra
   injury to most foes and up to half again as much damage against particularly
   susceptible opponents.
   It can also slow down cold-blooded creatures.
   It affects your dexterity (+4).
   It has a curse placed upon it.
Missiles
 b - 682 stones (quivered)
Armour
 h - a cursed +3 buckler (worn)
 m - a cursed +2 robe of magic resistance (melded)
 x - a cursed +2 cloak of cold resistance (worn)
 Q - the cursed +3 crown of Dyrovepreva (worn) {rElec Int+2 SInv}
   (You found it in the Desolation of Salt)

   It affects your intelligence (+2).
   It insulates you from electricity.
   It lets you see invisible.
   It has a curse placed upon it.
Jewellery
 n - the ring of Fatew (left hand) {MR+ Slay+3}
   (You bought it in a shop on level 7 of the Dungeon)

   [ring of slaying]

   It affects your accuracy and damage with ranged weapons and melee attacks
   (+3).
   It affects your resistance to hostile enchantments.
 v - the cursed ring of Detigg (right hand) {rCorr +Fly rElec MP+9 Int-3}
   (You acquired it on level 2 of the Elven Halls)

   [ring of resist corrosion]

   It affects your intelligence (-3).
   It insulates you from electricity.
   It affects your magic capacity (+9).
   It lets you fly.
   It has a curse placed upon it.
 w - the ring of Cyink {rF++ rC+ MR- Str+3 Int+4}
   (You found it on level 4 of the Shoals)

   [ring of intelligence]

   It affects your strength (+3).
   It affects your intelligence (+4).
   It greatly protects you from fire.
   It protects you from cold.
   It affects your resistance to hostile enchantments.
 B - an uncursed ring of wizardry
 M - a cursed amulet of guardian spirit (around neck)
Wands
 y - a wand of clouds (11)
 C - a wand of enslavement (23)
 F - a wand of digging (12)
 V - a wand of paralysis (13)
 X - a wand of iceblast (29)
Scrolls
 c - 4 scrolls of fog {!r}
 f - 5 scrolls of fear {!r}
 g - 5 scrolls of magic mapping {!r}
 o - 3 scrolls of enchant armour {!r}
 p - 10 scrolls of remove curse {!r}
 s - 6 scrolls of teleportation {!r}
 t - 6 scrolls of enchant weapon {!r}
 u - a scroll of torment {!r}
 z - 2 scrolls of blinking {!r}
 K - 3 scrolls of vulnerability {!r}
 L - 2 scrolls of holy word {!r}
 R - 9 scrolls of identify {!r}
 U - a scroll of summoning {!r}
Potions
 a - 4 potions of resistance {!q}
 j - a potion of invisibility {!q}
 k - 16 potions of curing {!q}
 l - a potion of ambrosia {!q}
 D - 3 potions of flight {!q}
 G - 2 potions of agility {!q}
 H - 6 potions of berserk rage {!q}
 I - 4 potions of brilliance {!q}
 J - 3 potions of cancellation {!q}
 N - a potion of might {!q}
 O - a potion of mutation {!q}
 S - 6 potions of magic {!q}
 Y - 3 potions of heal wounds {!q}
 Z - a potion of haste {!q}
Miscellaneous
 q - a phial of floods
Comestibles
 d - 16 rations


   Skills:
 - Level 20.0 Fighting
 - Level 8.0(12.4) Short Blades
 - Level 18.0(21.7) Dodging
 + Level 16.1(20.0) Stealth
 - Level 4.3(7.2) Shields
 - Level 20.0 Spellcasting
 - Level 2.4(4.8) Charms
 - Level 9.0(11.9) Transmutations
 - Level 0.8(2.4) Air Magic
 - Level 9.0(11.9) Earth Magic
 - Level 9.2(12.1) Evocations


You had 6 spell levels left.
You knew the following spells:

 Your Spells              Type           Power        Failure   Level  Hunger
a - Deflect Missiles      Chrm/Air       #####.....   63%         6    ####...
b - Passwall              Tmut/Erth      ######..     1%          2    None
c - Mephitic Cloud        Conj/Pois/Air  ####....     4%          3    None
d - Lee's Rapid Deconstr  Erth           ######....   1%          5    None
e - Borgnjor's Vile Clut  Necr/Erth      #####.....   4%          5    None
f - Call Imp              Summ           ###.....     3%          2    None
g - Sandblast             Erth           ######       1%          1    None
h - Confusing Touch       Hex            ###...       1%          1    None
q - Alistair's Intoxicat  Tmut/Pois      #####...     4%          5    None
r - Regeneration          Chrm/Necr      ####......   2%          3    None
s - Conjure Flame         Conj/Fire      ###.....     6%          3    None
t - Petrify               Tmut/Erth      ######..     1%          4    None
v - Blink                 Tloc           N/A          3%          2    None
w - Irradiate             Conj/Tmut      #####.....   4%          5    None
z - Statue Form           Tmut/Erth      ######...    2%          6    ####...

Your spell library contained the following spells:

 Spells                   Type           Power        Failure   Level  Hunger
 Cause Fear               Hex            ###.......   21%         4    None
 Magic Dart               Conj           ###.         1%          1    None
 Fireball                 Conj/Fire      ###.......   50%         5    None
 Apportation              Tloc           ###...       1%          1    None
 Lightning Bolt           Conj/Air       ####......   36%         5    None
 Bolt of Magma            Conj/Fire/Erth #####.....   11%         5    None
 Slow                     Hex            ###.....     3%          2    None
 Confuse                  Hex            ###.....     6%          3    None
 Throw Flame              Conj/Fire      ###...       3%          2    None
 Throw Frost              Conj/Ice       ###...       3%          2    None
 Freezing Cloud           Conj/Ice/Air   ####......   93%         6    ####...
 Ring of Flames           Chrm/Fire      ####......   100%        7    #####..
 Venom Bolt               Conj/Pois      ###.......   50%         5    None
 Olgreb's Toxic Radiance  Pois           ###.....     19%         4    None
 Teleport Other           Tloc           ###.....     6%          3    None
 Summon Small Mammal      Summ           ###.         1%          1    None
 Lehudib's Crystal Spear  Conj/Erth      #####.....   100%        8    #######
 Fire Storm               Conj/Fire      ###.......   100%        9    #######
 Iskenderun's Mystic Bla  Conj           ###.....     21%         4    None
 Animate Dead             Necr           N/A          21%         4    None
 Pain                     Necr           ###.         1%          1    None
 Animate Skeleton         Necr           N/A          1%          1    None
 Vampiric Draining        Necr           ###.......   6%          3    None
 Freeze                   Ice            ###.         1%          1    None
 Ozocubu's Refrigeration  Ice            ###.......   97%         6    ####...
 Sticky Flame             Conj/Fire      ###.....     21%         4    None
 Summon Ice Beast         Ice/Summ       ###.....     21%         4    None
 Ozocubu's Armour         Chrm/Ice       ####....     2%          3    None
 Poison Arrow             Conj/Pois      ###.......   97%         6    ####...
 Sting                    Conj/Pois      ###.         1%          1    None
 Sublimation of Blood     Necr           ###.......   3%          2    None
 Stone Arrow              Conj/Erth      #####.       1%          3    None
 Recall                   Summ/Tloc      N/A          6%          3    None
 Blade Hands              Tmut           ######....   1%          5    None
 Ice Form                 Ice/Tmut       #####...     1%          4    None
 Death Channel            Necr           ###.......   97%         6    ####...
 Throw Icicle             Conj/Ice       ###.....     21%         4    None
 Glaciate                 Conj/Ice       ###.......   100%        9    #######
 Shadow Creatures         Summ           N/A          97%         6    ####...
 Flame Tongue             Conj/Fire      ###..        1%          1    None
 Ignite Poison            Fire/Tmut/Pois #####...     1%          3    None
 Metabolic Englaciation   Hex/Ice        ###.......   50%         5    None
 Silence                  Hex/Air        ####......   36%         5    None
 Dispersal                Tloc           ###.......   97%         6    ####...
 Corona                   Hex            ###....      1%          1    None
 Simulacrum               Ice/Necr       ###.......   97%         6    ####...
 Conjure Ball Lightning   Conj/Air       ####......   90%         6    ####...
 Chain Lightning          Conj/Air       ####......   100%        8    #######
 Excruciating Wounds      Chrm/Necr      ####......   22%         5    None
 Portal Projectile        Hex/Tloc       ###...       6%          3    None
 Passage of Golubria      Tloc           N/A          21%         4    None
 Orb of Destruction       Conj           ###.......   100%        7    #####..
 Tornado                  Air            ####......   100%        9    #######
 Leda's Liquefaction      Hex/Erth       #####.....   1%          4    None
 Darkness                 Hex            ###.......   97%         6    ####...
 Shroud of Golubria       Chrm/Tloc      ####......   1%          2    None
 Inner Flame              Hex/Fire       ###.....     6%          3    None
 Beastly Appendage        Tmut           ######       1%          1    None
 Fulminant Prism          Conj/Hex       ###.......   21%         4    None
 Dazzling Spray           Conj/Hex       ###...       6%          3    None
 Force Lance              Conj/Tloc      ###.....     21%         4    None
 Searing Ray              Conj           ###...       3%          2    None
 Summon Lightning Spire   Summ/Air       ####....     13%         4    None
 Hydra Form               Tmut           ######....   2%          6    ####...
 Gell's Gravitas          Tloc           ###.......   6%          3    None
 Yara's Violent Unravell  Hex/Tmut       #####.....   4%          5    None
 Lesser Beckoning         Tloc           ###.......   6%          3    None
 Poisonous Vapours        Pois/Air       ####..       1%          2    None


Dungeon Overview and Level Annotations

Branches:
Dungeon (15/15)            Temple (1/1) D:6            Lair (6/6) D:9
 Shoals (4/4) Lair:3       Spider (4/4) Lair:4        Slime (2/5) Lair:6
    Orc (2/2) D:11            Elf (3/3) Orc:2        Vaults (0/5) D:13
 Depths (0/5) D:15

Altars:
Ashenzari
Cheibriados
Dithmenos
Elyvilon
Fedhas
Gozag
Hepliaklqana
Kikubaaqudgha
Makhleb
Nemelex Xobeh
Okawaru
Qazlal
Ru
Sif Muna
Trog
Uskayaw
Vehumet
Wu Jian
Xom
Yredelemnul
Zin
The Shining One
Beogh
Jiyva

Shops:
D:5 %   D:6 %   D:7 ((=   D:12 %   D:14 %   D:15 (   Orc:2 (:*(   Elf:2 [
Elf:3 (   Shoals:1 [   Shoals:4 %*}(:


Innate Abilities, Weirdness & Mutations

You are very small and have problems with some larger weapons.
You are too small for most types of armour.
You have supernaturally acute eyesight. (SInv)
You are a herbivore.
((You cover ground extremely quickly.))
You need to consume almost no food.
You are surrounded by a mild repulsion field. (EV +2)
Your body sometimes deteriorates upon taking damage.
You are very dopey. (Int -4)
You are frail. (-10% HP)
Your magical capacity is very low. (-20% MP)
You occasionally shout uncontrollably at your foes.


Message History

You are splashed with acid!
The acid burns!
You resist.
* * * LOW HITPOINT WARNING * * *
The shining eye gazes at you.
Strange energies course through your body.
You feel yourself wasting away.
A shining eye comes into view.
The shining eye gazes at you.
Strange energies course through your body.
You begin to radiate repulsive energy.
You block the slime creature's attack.
There is a stone staircase leading down here.
An eye of draining comes into view.
The slime creature completely misses you.
The shining eye gazes at you.
Strange energies course through your body.
You feel less energetic.
Two slime creatures merge to form a large slime creature.
The slime creature misses you. You block the slime creature's attack.
The azure jelly completely misses you. The azure jelly misses you.
The azure jelly completely misses you. x2; The slime creature misses you.
The shining eye turns its gaze towards you.
Two slime creatures merge to form a large slime creature. x2
The slime creature completely misses you.
Two slime creatures merge to form a very large slime creature.
The eye of draining gazes at you.
You feel your power leaking away.
Really read
s - 8 scrolls of teleportation {!r}?
As you read the scroll of teleportation {!r}, it crumbles to dust.
You feel strangely unstable. The azure jelly completely misses you.
The azure jelly hits you!
* * * LOW HITPOINT WARNING * * *
The azure jelly freezes you! You resist.
* * * LOW HITPOINT WARNING * * *
The azure jelly completely misses you. The azure jelly barely misses you.
A death ooze comes into view.
You block the slime creature's attack. The shining eye gazes at you.
Strange energies course through your body.
You feel less energetic.
The azure jelly completely misses you. x3; You block the azure jelly's attack.
Two slime creatures merge to form a very large slime creature.
The eye of draining gazes at you.
You feel your power leaking away.
The slime creature completely misses you.
The eye of draining gazes at you.
You feel your power leaking away.
Two slime creatures merge to form a very large slime creature.
Your surroundings suddenly seem different.
Really read
s - 7 scrolls of teleportation {!r}?
As you read the scroll of teleportation {!r}, it crumbles to dust.
You feel strangely unstable.
You are splashed with acid!
The walls burn you! You resist.
* * * LOW HITPOINT WARNING * * *
Unknown command.
Okay, then.
Really read
z - 3 scrolls of blinking {!r}?
Blink to where?
Press: ? - help, Dir - move target cursor
As you read the scroll of blinking {!r}, it crumbles to dust.
The acid blob spits acid at you. The splash of acid hits you! You resist.
* * * LOW HITPOINT WARNING * * *
You are splashed with acid!
The acid burns!
You resist.
You die...

**
,,,#.#.....JJJ.......**
, , *##......GJG.......
* **,
#........GG.......,* *
##..............#..
*......#....G{..#*,,
*#...........G...#***
#................# ,
*#...#.#..........,
##.8...##...#.....*
#......§##.###...#*,
##.###.## * ** ,, ##
### *, , , **, ,* ** *


You could see an acid blob, 3 shining eyes and an eye of draining (wandering).

Vanquished Creatures
  The ghost of Soshal Waga the Peltast, a veteran BaWz of Okawaru (Elf:1)
  The ghost of Juerph the Peltast, a veteran BaWz of Okawaru (Elf:1)
  The ghost of Juerph the Peltast, a veteran BaWz of Okawaru (Elf:1)
  Arachne (Spider:2)
  Rupert (Lair:3)
  A deep elf blademaster (Elf:3)
  A deep elf master archer (Elf:3)
  The ghost of Nib the Warrior, an adept BaSu of Cheibriados (Shoals:4)
  5 acid blobs
  Gastronok (D:8)
  Agnes (Elf:2)
  Ilsuiw (Shoals:4)
  The ghost of Pyatt the Bludgeoner, a journeyman MiFi of Makhleb (Elf:1)
  2 frost giants
  7 deep elf sorcerers (Elf:3)
  3 emperor scorpions
  Louise (Elf:2)
  5 ghost moths
  2 deep elf elementalists (Elf:3)
  An imperial myrmidon (Desolation)
  A stone giant (Orc:1)
  An entropy weaver (Spider:2)
  4 deep elf demonologists (Elf:3)
  Azrael (D:14)
  A red draconian (Volcano)
  A dire elephant (Lair:6)
  5 deep elf annihilators (Elf:3)
  The ghost of Festrocer the Thaumaturge, a journeyman GnWz of Sif Muna (D:14)
  The ghost of Jeengav the Champion of Chaos, a journeyman DsFi of Makhleb (Elf:1)
  The ghost of tstbtto the Impaler, a journeyman CeBe of Trog (Lair:5)
  5 spark wasps (Spider:4)
  2 minotaurs
  Snorg (D:12)
  2 blizzard demons (IceCv)
  7 merfolk javelineers (Shoals:4)
  8 deep elf death magi
  5 ragged hierophants
  Josephine (D:12)
  3 deep elf high priests (Elf:3)
  Erolcha (D:9)
  The ghost of Gruesome the Spear-Bearer, a journeyman DrFE of Sif Muna (Orc:2)
  An ogre mage (D:15)
  2 servants of whispers (Desolation)
  2 ice dragons (D:15)
  13 hydras
  4 vault guards (D:13)
  A rakshasa (D:15)
  9 merfolk impalers
  A merfolk avatar (Shoals:4)
  3 peacekeepers
  Erica (D:11)
  9 two-headed ogres
  4 merfolk aquamancers
  2 catoblepae (Lair:6)
  2 centaur warriors
  The ghost of Hebeh the Cleaver, a novice MiFi of Trog (D:9)
  6 death yaks
  29 dancing weapons
  An alligator snapping turtle (Shoals:4)
  3 satyrs
  4 orc high priests
  Nergalle (D:12)
  Urug (D:10)
  Sonja (Lair:3)
  The ghost of pedritolo the Jinx, a journeyman DECK of Xom (Lair:3)
  11 deep elf knights
  8 sea snakes
  2 unseen horrors (D:11)
  A wizard (D:13)
  16 deep elf archers
  2 lindwurms (Lair:6)
  5 harpies
  Pikel (D:9)
  A necromancer (D:13)
  2 ironbrand convokers (Desolation)
  5 oklob plants
  A shining eye (Slime:2)
  16 orb spiders
  60 deep elf magi
  6 orc sorcerers
  38 wolf spiders
  7 orc knights
  13 cyclopes
  25 ugly things (D:14)
  13 fauns
  9 manticores
  3 moths of wrath
  5 black mambas
  A guardian serpent (Desolation)
  5 water nymphs
  8 elephants
  10 merfolk sirens
  An ice statue (IceCv)
  2 torpor snails
  10 spiny frogs
  9 rime drakes
  An efreet (D:15)
  6 anaconda simulacra (IceCv)
  A kobold demonologist (D:11)
  A yaktaur (Volcano)
  5 komodo dragons
  4 freezing wraiths (IceCv)
  6 ice devils (IceCv)
  3 meliai (D:15)
  10 demonic crawlers
  2 trolls (D:15)
  4 red devils (D:12)
  27 merfolk
  A polar bear (Lair:6)
  28 jumping spiders
  18 saltlings
  A minotaur skeleton (Lab)
  Grinder (D:3)
  26 slime creatures
  Prince Ribbit (D:7)
  A queen bee (Lair:2)
  2 meliai zombies
  25 blink frogs
  10 snapping turtles
  9 hornets
  6 wind drakes
  A hornet (shapeshifter) (Elf:1)
  16 dream sheep
  20 hippogriffs
  4 air elementals
  21 water elementals
  Sigmund (D:3)
  A shadow (D:13)
  36 tarantellas
  A dire elephant simulacrum (IceCv)
  7 wyverns
  24 yaks
  6 wraiths
  83 redbacks
  A vampire (D:10)
  3 golden eyes (Slime:2)
  20 humans
  6 basilisks
  Grum (D:9)
  6 fire elementals
  10 hungry ghosts
  A death yak simulacrum (IceCv)
  3 hogs (D:7)
  3 harpy simulacra (IceCv)
  4 vampire mosquitoes (D:15)
  3 wargs
  2 iron troll simulacra (IceCv)
  A soldier ant (D:13)
  5 hell hounds
  4 hydra simulacra
  11 porcupines
  13 water moccasins
  4 slaves (D:9)
  4 ettin simulacra (IceCv)
  23 orc warriors
  2 ice beasts (D:9)
  2 black mamba simulacra (Lair:5)
  2 black bears
  A phantom (D:7)
  5 sky beasts
  14 wolves
  12 ogres
  11 crocodiles
  18 centaurs
  2 big kobolds (D:11)
  A gnoll sergeant (D:12)
  11 bullfrogs
  4 earth elementals
  A wyvern skeleton (D:13)
  10 scorpions
  43 killer bees
  A dream sheep simulacrum (Lair:5)
  A lindwurm simulacrum (Lair:5)
  3 howler monkeys
  12 wights
  2 electric eels
  A rime drake simulacrum (Lair:5)
  6 crimson imps
  4 draconian simulacra (IceCv)
  2 quasits (D:7)
  3 centaur zombies
  17 orc priests
  10 hounds
  5 iguanas
  6 jellies
  23 orc wizards
  A bullfrog skeleton (D:4)
  5 centaur skeletons
  2 hell rats
  13 worker ants
  A polar bear simulacrum (IceCv)
  3 troll simulacra (IceCv)
  3 spriggan simulacra (IceCv)
  A centaur simulacrum (IceCv)
  A hound zombie (D:8)
  A hound skeleton (D:4)
  5 gnolls
  9 adders
  A naga simulacrum (IceCv)
  2 ogre simulacra (IceCv)
  5 white imps (IceCv)
  7 ufetubi (IceCv)
  2 adder skeletons (D:4)
  2 worms (D:3)
  A dart slug (D:1)
  4 leopard geckos
  71 orcs
  2 giant cockroaches
  7 goblins
  5 hobgoblins
  20 jackals
  3 quokkas
  A ball python (D:4)
  3 bats
  5 frilled lizards
  7 kobolds
  7 rats
  A bush (Lair:1)
  8 plants
1481 creatures vanquished.

Vanquished Creatures (collateral kills)
  An ugly thing (D:14)
1 creature vanquished.

Vanquished Creatures (others)
  A merfolk javelineer (Shoals:4)
  A wolf spider zombie (D:15)
  A deep elf mage (Elf:2)
  A cyclops (Shoals:1)
  A saltling (Desolation)
  An air elemental (Elf:3)
  A water elemental (Elf:2)
  A hornet zombie (D:15)
  A jelly (D:14)
  32 fungi
  32 plants
73 creatures vanquished.

Grand Total: 1555 creatures vanquished

Notes
Turn   | Place    | Note
-------+----------+-------------------------------------------
     0 | D:1      | Amnesiac the Spriggan Earth Elementalist began the quest for the Orb.
     0 | D:1      | Reached XP level 1. HP: 9/9 MP: 5/5
   108 | D:1      | Found a shattered altar of Ashenzari.
   114 | D:1      | Became a worshipper of Ashenzari the Shackled
   257 | D:1      | Reached XP level 2. HP: 11/13 MP: 2/7
   261 | D:1      | Learned a level 2 spell: Passwall
   602 | D:1      | Reached XP level 3. HP: 15/16 MP: 5/8
  1170 | D:2      | Found a sacrificial altar of Ru.
  1282 | D:2      | Found a glowing golden altar of the Shining One.
  1576 | D:3      | Noticed Grinder
  1583 | D:3      | Killed Grinder
  1583 | D:3      | Reached XP level 4. HP: 2/21 MP: 1/11
  1583 | D:3      | Reached XP level 5. HP: 3/24 MP: 1/12
  1909 | D:3      | Noticed Sigmund
  1915 | D:3      | Killed Sigmund
  1915 | D:3      | Reached XP level 6. HP: 16/28 MP: 7/13
  1922 | D:3      | Learned a level 5 spell: Lee's Rapid Deconstruction
  1927 | D:3      | Learned a level 4 spell: Petrify
  2605 | D:4      | Reached * piety under Ashenzari
  2617 | D:4      | Reached skill level 5 in Transmutations
  2617 | D:4      | Reached skill level 5 in Earth Magic
  2617 | D:4      | Reached XP level 7. HP: 32/32 MP: 9/15
  2771 | D:4      | Reached skill level 5 in Spellcasting
  3202 | D:4      | Found an ancient bone altar of Kikubaaqudgha.
  3202 | D:4      | Found a blossoming altar of Fedhas.
  3649 | D:5      | Entered Level 5 of the Dungeon
  3884 | D:5      | Found Ykhlor's Food Boutique.
  3967 | D:5      | Found a radiant altar of Vehumet.
  3984 | D:5      | Reached skill level 1 in Shields
  4116 | D:5      | Reached XP level 8. HP: 36/36 MP: 12/16
  4350 | D:5      | Found a shattered altar of Ashenzari.
  4936 | D:6      | Found a staircase to the Ecumenical Temple.
  4946 | Temple   | Entered the Ecumenical Temple
  5026 | Temple   | Reached ** piety under Ashenzari
  5327 | D:6      | Found a stormy altar of Qazlal.
  5478 | D:6      | Found Vurrestro's Food Boutique.
  5878 | D:6      | Found an iron altar of Okawaru.
  5960 | D:7      | Learned a level 2 spell: Blink
  6146 | D:7      | Reached skill level 5 in Short Blades
  6146 | D:7      | Reached XP level 9. HP: 39/39 MP: 13/19
  6158 | D:7      | Reached skill level 5 in Stealth
  6283 | D:7      | Found Carayda's Weapon Shop.
  6429 | D:7      | Found Igotout's Jewellery Boutique.
  6924 | D:7      | Noticed Prince Ribbit
  6975 | D:7      | Killed Prince Ribbit
  7300 | D:7      | Found Zigelec's Antique Weapon Boutique.
  7445 | D:8      | Found a shimmering altar of Xom.
  7746 | D:8      | Reached *** piety under Ashenzari
  7758 | D:8      | Noticed a two-headed ogre
  7779 | D:8      | Killed a two-headed ogre
  7779 | D:8      | Reached XP level 10. HP: 44/44 MP: 19/24
  7794 | D:8      | Found a deep blue altar of Sif Muna.
  7796 | D:8      | Found a sparkling altar of Nemelex Xobeh.
  7796 | D:8      | Found an opulent altar of Gozag.
  7798 | D:8      | Found a shattered altar of Ashenzari.
  7798 | D:8      | Found a shimmering altar of Xom.
  7798 | D:8      | Found a shadowy altar of Dithmenos.
  7842 | D:8      | Learned a level 3 spell: Conjure Flame
  7846 | D:8      | Learned a level 3 spell: Mephitic Cloud
  7849 | D:8      | Learned a level 2 spell: Call Imp
  7856 | D:8      | Reached skill level 10 in Spellcasting
  7868 | D:8      | Noticed a two-headed ogre
  7876 | D:8      | Killed a two-headed ogre
  8022 | D:8      | Found an ornate altar of the Wu Jian Council.
  8630 | D:9      | Noticed Erolcha
  8638 | D:9      | Noticed Gastronok
  8640 | D:9      | Killed Erolcha
  9653 | D:8      | Killed Gastronok
  9653 | D:8      | Reached XP level 11. HP: 47/47 MP: 4/27
  9760 | D:8      | Found a shimmering altar of Xom.
 10177 | D:8      | Found a shimmering altar of Xom.
 10228 | D:8      | Found an ornate altar of the Wu Jian Council.
 10356 | D:9      | Found a radiant altar of Vehumet.
 10376 | D:9      | Found a runed gate.
 10376 | D:9      | Found a runed gate.
 10376 | D:9      | Found a runed gate.
 10379 | D:9      | Noticed Hebeh's ghost (novice MiFi)
 10401 | D:9      | Found a blossoming altar of Fedhas.
 10409 | D:9      | Noticed Pikel
 10427 | D:9      | Killed Pikel
 10654 | D:9      | Noticed Grum
 10682 | D:9      | Killed Grum
 10842 | D:9      | Noticed a two-headed ogre
 10854 | D:9      | Killed a two-headed ogre
 11146 | D:10     | Entered Level 10 of the Dungeon
 11264 | D:10     | Noticed a two-headed ogre
 11274 | D:10     | Killed a two-headed ogre
 11309 | D:10     | Noticed Urug
 11321 | D:10     | Killed Urug
 11515 | D:9      | Found a staircase to the Lair.
 11881 | D:9      | Found a roughly hewn altar of Beogh.
 11924 | D:9      | Identified the +7 chain mail of the Garden {-Tele +Fly Slay+5} (You took it off an orc warrior on level 9 of the Dungeon)
 12091 | D:9      | Killed Hebeh's ghost
 12091 | D:9      | Reached skill level 15 in Spellcasting
 12338 | D:10     | Reached **** piety under Ashenzari
 13101 | D:11     | Reached XP level 12. HP: 51/51 MP: 29/32
 13290 | D:11     | Noticed Erica
 13358 | D:11     | Killed Erica
 13381 | D:11     | Found a staircase to the Orcish Mines.
 14077 | D:12     | Noticed Nergalle
 14089 | D:12     | Killed Nergalle
 14162 | D:12     | Reached ***** piety under Ashenzari
 14414 | D:12     | Found Reik's Food Boutique.
 14426 | D:12     | Noticed Snorg
 14435 | D:12     | Killed Snorg
 14931 | D:12     | Noticed Josephine
 14960 | D:12     | Killed Josephine
 14960 | D:12     | Reached skill level 1 in Fighting
 15084 | D:11     | Learned a level 3 spell: Stone Arrow
 15481 | D:13     | Found a labyrinth entrance.
 15510 | Lab      | Entered a labyrinth
 15650 | Lab      | Noticed a minotaur
 15653 | Lab      | Killed a minotaur
 15663 | Lab      | Reached XP level 13. HP: 58/58 MP: 36/36
 15691 | Lab      | Found the +1 cloak of Starlight {rElec rC+ EV+4 Stlth--}
 15691 | Lab      | Identified the +10 plate armour of the Nightingale {Int+4}
 15894 | D:13     | Reached skill level 5 in Dodging
 16077 | D:13     | Found a gate to the Vaults.
 16552 | D:13     | Reached skill level 5 in Fighting
 17119 | D:14     | Found Diwn's Food Shoppe.
 17180 | D:14     | Noticed Azrael
 17189 | D:14     | Killed Azrael
 18022 | D:14     | Noticed Festrocer's ghost (journeyman GnWz)
 18023 | D:14     | Found a runed gate.
 18023 | D:14     | Found a runed gate.
 18024 | D:14     | Identified the +7 war axe "Bocs" {chop, +Rage Int+6 Dex-5}
 18024 | D:14     | Found a runed gate.
 18073 | D:14     | Killed Festrocer's ghost
 18287 | D:14     | Reached XP level 14. HP: 72/72 MP: 8/37
 18319 | D:14     | Reached skill level 10 in Dodging
 18811 | D:14     | Learned a level 1 spell: Confusing Touch
 18817 | D:14     | Learned a level 5 spell: Irradiate
 18823 | D:14     | Learned a level 5 spell: Alistair's Intoxication
 18842 | D:15     | Entered Level 15 of the Dungeon
 19142 | D:15     | Found Ubodon's Antique Weapon Emporium.
 20084 | D:15     | Reached skill level 10 in Stealth
 20180 | D:15     | Found a staircase to the Depths.
 20301 | D:15     | Found an ancient bone altar of Kikubaaqudgha.
 20470 | Orc:1    | Entered Level 1 of the Orcish Mines
 20476 | Orc:1    | Noticed a stone giant
 20483 | Orc:1    | Killed a stone giant
 20489 | Orc:1    | Found a dark tunnel.
 20493 | Volcano  | Entered a volcano
 20506 | Volcano  | Reached ****** piety under Ashenzari
 20623 | Volcano  | Reached skill level 10 in Fighting
 21535 | Orc:2    | Entered Level 2 of the Orcish Mines
 21537 | Orc:2    | Found a staircase to the Elven Halls.
 21595 | Orc:2    | Found a transporter.
 21598 | Orc:2    | Noticed Gruesome's ghost (journeyman DrFE)
 21693 | Orc:2    | Found a transporter.
 22185 | Orc:2    | Killed Gruesome's ghost
 22415 | Orc:2    | Found a roughly hewn altar of Beogh.
 22655 | Orc:2    | Found Ziacsom's Antique Weapon Shoppe.
 22958 | Orc:2    | Reached XP level 15. HP: 81/81 MP: 13/38
 23306 | Orc:2    | Found Bemen's Book Shoppe.
 23307 | Orc:2    | Found Ikore's Weapon Shop.
 23319 | Orc:2    | Found Omoes's Assorted Antiques.
 23325 | Orc:2    | Bought a scroll labeled GUENLA JOEMYJ for 22 gold pieces
 23503 | Elf:1    | Entered Level 1 of the Elven Halls
 23798 | Elf:1    | Found a runed gate.
 23799 | Elf:1    | Found a runed gate.
 23800 | Elf:1    | Found a runed gate.
 23801 | Elf:1    | Noticed Soshal Waga's ghost (veteran BaWz)
 23802 | Elf:1    | Noticed Juerph's ghost (veteran BaWz)
 23802 | Elf:1    | Noticed Juerph's ghost (veteran BaWz)
 23802 | Elf:1    | Noticed Jeengav's ghost (journeyman DsFi)
 23802 | Elf:1    | Noticed Pyatt's ghost (journeyman MiFi)
 24546 | Elf:1    | Learned a level 3 spell: Ozocubu's Armour
 24849 | Elf:1    | Identified the cursed +10 quick blade "Vuawkof" {freeze, Dex+4} (You acquired it on level 1 of the Elven Halls)
 24968 | Elf:1    | Killed Jeengav's ghost
 25113 | Elf:1    | Killed Juerph's ghost
 25156 | Elf:1    | Killed Juerph's ghost
 25467 | Elf:1    | Identified the +6 battleaxe "Spiderslayer" {chop, rElec SInv} (You took it off a deep elf mage on level 1 of the Elven Halls)
 25596 | Elf:1    | Killed Soshal Waga's ghost
 25968 | Elf:1    | Killed Pyatt's ghost
 27214 | Elf:2    | Reached skill level 15 in Dodging
 27259 | Elf:2    | Noticed Agnes
 27272 | Elf:2    | Found Fubb's Armour Boutique.
 27411 | Elf:2    | Found a ruined gateway.
 27427 | Desolati | Entered the Desolation of Salt
 27578 | Desolati | Reached skill level 1 in Evocations
 27602 | Desolati | Found the +3 crown of Dyrovepreva {rElec Int+2 SInv}
 27609 | Desolati | Reached XP level 16. HP: 90/90 MP: 29/39
 27612 | Desolati | Identified the +6 spear "Wuuvosicw" {freeze, *Drain Fragile rF++ Int+6}
 27623 | Desolati | Identified the Papyrus of Earthen Evil
 27630 | Desolati | Reached skill level 5 in Evocations
 27630 | Desolati | HP: 1/90 [imperial myrmidon/scimitar (10)]
 28199 | Desolati | HP: 1/90 [ragged hierophant/a resonance strike (15)]
 28608 | Elf:3    | Entered Level 3 of the Elven Halls
 28740 | Elf:3    | Found Istitaq's Antique Weapon Boutique.
 29735 | Elf:3    | Noticed a deep elf master archer
 29738 | Elf:3    | Killed a deep elf master archer
 29924 | Elf:3    | Identified the ring "Sicw" {MR+ Int+3} (You took it off a deep elf mage on level 3 of the Elven Halls)
 29924 | Elf:3    | Identified the cursed +2 morningstar of Lynojeih {freeze, +Blink} (You took it off a deep elf mage on level 3 of the Elven Halls)
 30880 | Elf:3    | Noticed a deep elf blademaster
 30884 | Elf:3    | Killed a deep elf blademaster
 31252 | Elf:3    | Reached XP level 17. HP: 96/96 MP: 20/40
 31525 | Elf:3    | Identified Mauciv's Disquisition on Entrancing Changing
 32383 | Elf:2    | Noticed Louise
 32551 | Elf:2    | Killed Louise
 32725 | Elf:2    | Killed Agnes
 33175 | Elf:2    | Found a runed gate.
 33801 | Elf:2    | Found a runed gate.
 33801 | Elf:2    | Found a runed gate.
 34389 | Elf:2    | Reached skill level 15 in Fighting
 35582 | Elf:2    | Identified the cursed ring of Detigg {rCorr +Fly rElec MP+9 Int-3} (You acquired it on level 2 of the Elven Halls)
 35841 | D:7      | Bought the cursed ring of Xom's Brutal Revenge {rF+ rC+ Int-3 Dex+5} for 364 gold pieces
 35846 | D:7      | Learned a level 3 spell: Regeneration
 35849 | D:7      | Bought the ring of Fatew {MR+ Slay+3} for 748 gold pieces
 35934 | Lair:1   | Entered Level 1 of the Lair of Beasts
 37786 | Lair:3   | Noticed Sonja
 37797 | Lair:3   | Killed Sonja
 37809 | Lair:3   | Found a staircase to the Shoals.
 37822 | Lair:3   | Reached XP level 18. HP: 104/105 MP: 41/41
 37832 | Shoals:1 | Entered Level 1 of the Shoals
 38308 | Shoals:2 | Found a frozen archway.
 38330 | IceCv    | Entered an ice cave
 39509 | IceCv    | Identified the cursed +0 hat "Irra" {rC+ Regen+ Str+4}
 39521 | IceCv    | Identified the Guide on Heat and Arcane Weapons
 40150 | Shoals:2 | Learned a level 5 spell: Borgnjor's Vile Clutch
 41431 | Shoals:3 | Learned a level 6 spell: Statue Form
 41783 | Shoals:4 | Entered Level 4 of the Shoals
 41788 | Shoals:4 | Found a runed door.
 41823 | Shoals:4 | Noticed Ilsuiw
 41833 | Shoals:4 | Killed Ilsuiw
 42081 | Shoals:4 | Identified the +1 scale mail of Boiling Hail {Str+3}
 42150 | Shoals:4 | Found a shimmering altar of Xom.
 42150 | Shoals:4 | Noticed Nib's ghost (adept BaSu)
 42151 | Shoals:4 | Found the +8 glaive of the Guard {elec, +Rage AC+5 SInv}
 42154 | Shoals:4 | Killed Nib's ghost
 42171 | Shoals:4 | Found Engyeceb's Food Boutique.
 42175 | Shoals:4 | Found Curo's General Store.
 42280 | Shoals:4 | Found Tukofela's Gadget Boutique.
 42285 | Shoals:4 | Found Sedghe's Antique Weapon Shop.
 42609 | Shoals:4 | Identified the ring of Cyink {rF++ rC+ MR- Str+3 Int+4}
 42681 | Shoals:4 | Found Osaude Jius's Book Shop.
 42716 | Shoals:4 | Identified Advanced Steps in Spellcraft
 42905 | Shoals:4 | Got a barnacled rune of Zot
 43125 | Lair:3   | Found a runed gate.
 43125 | Lair:3   | Found a runed gate.
 43127 | Lair:3   | Found a runed gate.
 43134 | Lair:3   | Noticed pedritolo's ghost (journeyman DECK)
 43176 | Lair:3   | Killed pedritolo's ghost
 43313 | Lair:3   | Found a blossoming altar of Fedhas.
 43319 | Lair:3   | Reached XP level 19. HP: 97/114 MP: 39/42
 43326 | Lair:3   | Identified the +6 scale mail "Kylubiar" {+Blink Regen+ SInv}
 43531 | Lair:3   | Noticed Rupert
 43553 | Lair:3   | Killed Rupert
 44210 | Lair:4   | Found a hole to the Spider Nest.
 44259 | Spider:1 | Entered Level 1 of the Spider Nest
 45830 | Spider:2 | Learned a level 6 spell: Deflect Missiles
 46465 | Spider:2 | Noticed Arachne
 46484 | Spider:2 | Killed Arachne
 48172 | Spider:4 | Entered Level 4 of the Spider Nest
 48729 | Spider:4 | HP: 1/150 [disintegration (22)]
 49671 | Spider:4 | Reached XP level 20. HP: 121/121 MP: 37/44
 50312 | Spider:4 | Got a gossamer rune of Zot
 52117 | Shoals:1 | Found Naess's Antique Armour Emporium.
 52783 | Lair:5   | Found a runed gate.
 52783 | Lair:5   | Found a runed gate.
 52783 | Lair:5   | Found a runed gate.
 53086 | Lair:5   | Identified the ring "Hizxim" {Fire Int+2 SInv}
 53086 | Lair:5   | Noticed tstbtto's ghost (journeyman CeBe)
 53086 | Lair:5   | Killed tstbtto's ghost
 53447 | Lair:6   | Entered Level 6 of the Lair of Beasts
 53701 | Lair:6   | Found a runed door.
 53701 | Lair:6   | Found a viscous altar of Jiyva.
 53702 | Lair:6   | Found a staircase to the Slime Pits.
 54295 | Lair:6   | Reached skill level 15 in Stealth
 54307 | Lair:6   | Reached skill level 1 in Charms
 54456 | Lair:6   | Identified the Compendium of the Wary Demons
 54675 | Slime:1  | Entered Level 1 of the Pits of Slime
 54938 | Slime:2  | Gained mutation: You are frail. (-10% HP) [a shining eye]
 54945 | Slime:2  | Gained mutation: You are dopey. (Int -2) [a shining eye]
 54990 | Slime:2  | Gained mutation: You are very dopey. (Int -4) [a shining eye]
 54997 | Slime:2  | Gained mutation: You occasionally shout uncontrollably at your foes. [a shining eye]
 54998 | Slime:1  | Gained mutation: Your body sometimes deteriorates upon taking damage. [a shining eye]
 54998 | Slime:1  | Gained mutation: You are surrounded by a mild repulsion field. (EV +2) [a shining eye]
 54999 | Slime:1  | Gained mutation: Your magical capacity is low. (-10% MP) [a shining eye]
 55001 | Slime:1  | Gained mutation: Your magical capacity is very low. (-20% MP) [a shining eye]
 55003 | Slime:1  | HP: 4/143 [acid (32)]
 55004 | Slime:1  | HP: 1/143 [acid blob/splash of acid (4)]
 55004 | Slime:1  | Splashed by an acid blob's acid

Vault maps used:
D:1:      minmay_arrival_widening_spiral_wide, minmay_misc_feat_more_columns,
          evilmike_ruin_ashenzari
D:2:      nicolae_tso_swordbearing_angel, nicolae_ru_sacrificial_ziggurat
D:3:      first_ration, uniq_grinder, uniq_sigmund
D:4:      grunt_temple_overflow_growth_and_decay, roderic_serpentine_path
D:5:      kennysheep_mini_moat, vehumet_crystals, serial_shops, shop
D:6:      kennysheep_okawaru_gauntlet, nicolae_qazlal_general_emergency,
          minmay_temple_entry_overgrown, serial_shops, nicolae_shop_statue_plus,
          minmay_item_behind_shaft
D:7:      serial_shops, shop, kennysheep_mini, shop, grunt_livestock,
          uniq_prince_ribbit1
D:8:      doesnt_xom_only_xom, hangedman_feature_mirror, lightli_orcish_oven
D:9:      grunt_lair_entry_orc_guard_hut, basic_altar,
          biasface_ghost_orc_armoury, fedhas_altar_1, uniq_pikel, uniq_grum,
          uniq_erolcha, uniq_gastronok
D:10:     hangedman_decor_riveting, grunt_decor_fettered, uniq_urug
D:11:     david_orc_2, uniq_erica
D:12:     serial_shops, shop_statue, einodemon_armed_red_devil_minivault,
          uniq_nergalle, uniq_snorg, uniq_josephine
D:13:     grunt_vaults_entry_tiered, lab_entry_generic
D:14:     gammafunk_ghost_hydra_chop, glass_columns_c, serial_shops, shop,
          uniq_azrael
D:15:     grunt_enter_depths_hoard, basic_altar, serial_shops,
          nicolae_shop_trees, grunt_ministairs_10
Temple:   nicolae_temple_figure_eight
Lair:1:   serial_forest, infiniplex_forest_end_2, infiniplex_forest_end_1,
          infiniplex_forest_straight_2, infiniplex_forest_lined_corner,
          infiniplex_forest_corner_1, infiniplex_forest_straight_2,
          infiniplex_forest_clump_diagonal, infiniplex_forest_straight_4,
          infiniplex_forest_end_double, minmay_lair_oklob_chamber
Lair:2:   hangedman_what_comes_after_a
Lair:3:   elwin_shoals_entry_stream, maelrawn_ghost_labyrinth_escape,
          basic_altar, grunt_megastairs_5, serial_bayou_shore_b, uniq_rupert,
          uniq_sonja
Lair:4:   spider_nest_entry_rubble
Lair:5:   gammafunk_ghost_icy, st_stairs_4, beast_lair_carwin_4
Lair:6:   hangedman_lair_in_review, slime_altar_2,
          grunt_forest_small_clearing_treed, serial_bayou_shore_a
Shoals:1: serial_shops, shop_fountains, st_shoals_ruin
Shoals:2: portal_ice_cave_entry_pillars_three,
          nicolae_shoals_water_elemental_grotto
Shoals:3: nicolae_shoals_water_shrine
Shoals:4: shoals_end_grunt_ice, shoals_ilsuiw_ice, serial_shops, shop, shop,
          shop, shop, nicolae_shop_behind_doors, ebering_ghost_xom
Spider:1: hangedman_spider_tarantella_strand
Spider:2: spider_trap, uniq_arachne
Spider:4: spider_rune_water
Slime:1:  cheibrodos_slime_lost_civilization_6
Orc:1:    enter_volcano_3
Orc:2:    st_orc_elflike, basic_altar, gammafunk_ghost_arena
Elf:1:    eino_elf_arrival_customs, gammafunk_ghost_cemetery,
          hangedman_corner_corridor
Elf:2:    serial_shops, shop_fountains, portal_desolation_entry_nicolae_nacl,
          uniq_louise, uniq_agnes
Elf:3:    minmay_elf_hall_statues, serial_shops, shop
Lab:      lab_block, nicolae_lab_quarters, nicolae_lab_x,
          labyrinth_skeletal_remains, nicolae_lab_blocks, lab_statue,
          nicolae_lab_stuck, nicolae_lab_grate, nicolae_lab_dead_end,
          nicolae_lab_swirl, nicolae_lab_statue, nicolae_lab_arrow,
          labyrinth_fake_exit
IceCv:    ice_cave_caverns_01
Volcano:  volcano_pools

Skill      XL: |  1  2  3  4  5  6  7  8  9 10 11 12 13 14 15 16 17 18 19 20 |
---------------+-------------------------------------------------------------+-----
Earth Magic    | 3 4 5 6 8 9 |  9.0
Spellcasting   | 3 4 5 6 9 11 15 18 19 20 | 20.0
Transmutations | 3 4 5 6 8 9 |  9.0
Short Blades   | 2 3 5 8 |  8.0
Shields        | 2 3 4 |  4.3
Stealth        | 4 6 8 10 11 13 16 | 16.1
Fighting       | 2 7 10 12 13 15 18 19 20 | 20.0
Dodging        | 4 9 12 15 16 18 | 18.0
Evocations     | 4 9 |  9.2
Charms         | 2 |  2.4
Air Magic      | |  0.8

Action                   |  1- 3 |  4- 6 |  7- 9 | 10-12 | 13-15 | 16-18 | 19-21 || total
-------------------------+-------+-------+-------+-------+-------+-------+-------++-------
Melee: Short sword       |    80 |     1 |       |       |       |       |       ||    81
       Dagger            |       |       |   217 |   225 |   367 |    58 |       ||   867
       Quick blade       |       |       |       |       |       |  1236 |  2357 ||  3593
Throw: Stone             |       |       |       |     2 |       |     2 |       ||     4
 Cast: Sandblast         |    40 |    25 |   105 |   115 |    98 |     7 |       ||   390
       Petrify           |       |       |    27 |   109 |   128 |    16 |       ||   280
       Passwall          |       |       |    16 |    19 |    24 |    20 |     7 ||    86
       Lee's Rapid Decon |       |       |     6 |    53 |   140 |   274 |    13 ||   486
       Irradiate         |       |       |       |       |    24 |    38 |     9 ||    71
       Confusing Touch   |       |       |       |       |     1 |       |       ||     1
       Stone Arrow       |       |       |       |       |    25 |    60 |       ||    85
       Conjure Flame     |       |       |       |       |     3 |     1 |       ||     4
       Blink             |       |       |       |       |       |     1 |     1 ||     2
       Borgnjor's Vile C |       |       |       |       |       |    19 |     2 ||    21
       Statue Form       |       |       |       |       |       |     7 |    23 ||    30
       Regeneration      |       |       |       |       |       |     2 |     5 ||     7
       Deflect Missiles  |       |       |       |       |       |       |     1 ||     1
Invok: Curse Item        |       |       |     5 |     1 |     1 |     1 |     2 ||    10
Evoke: Wand              |       |       |       |    23 |    54 |     8 |       ||    85
  Use: Scroll            |     4 |       |       |    13 |    10 |    22 |     9 ||    58
       Potion            |       |       |       |     1 |    12 |     5 |     1 ||    19
 Stab: Sleeping          |     7 |     1 |    18 |    32 |    45 |    48 |    60 ||   211
       Petrified         |       |       |    31 |    46 |    66 |     5 |       ||   148
       Petrifying        |       |       |     1 |    29 |    44 |    12 |       ||    86
       Paralysed         |       |       |       |       |     6 |       |       ||     6
       Invisible         |       |       |       |       |    14 |     2 |       ||    16
       Distracted        |       |       |       |       |     2 |     6 |     8 ||    16
       Held in net/web   |       |       |       |       |       |       |     2 ||     2
  Eat: Ration            |       |       |     5 |     7 |     7 |    10 |     7 ||    36
Armor: Robe              |     9 |     1 |    23 |    10 |    13 |    23 |    24 ||   103
       Skin              |       |       |       |       |       |    20 |   129 ||   149
Dodge: Dodged            |    83 |     5 |   144 |   114 |   277 |   794 |  1523 ||  2940
       Deflected         |       |       |       |       |       |       |     1 ||     1
Block: Buckler           |       |       |    31 |    60 |    90 |   310 |   971 ||  1462

Table legend:
 A = Spawn XP
 B = Non-spawn XP
 C = Spawn XP percentage of total XP
 D = Spawn monster count
 E = Non-spawn monster count
 F = Spawn count percentage of total count
 G = Total turns spent on level
                    A         B        C        D         E        F      G
               +---------+---------+-------+---------+---------+-------+---------
         Total |       0 |  552753 |   0.0 |       0 |    1474 |   0.0 | 55004
               +---------+---------+-------+---------+---------+-------+---------
           D:1 |       0 |      45 |   0.0 |       0 |      18 |   0.0 |   870
           D:2 |       0 |      28 |   0.0 |       0 |      12 |   0.0 |   637
           D:3 |       0 |     653 |   0.0 |       0 |      21 |   0.0 |  1125
           D:4 |       0 |     331 |   0.0 |       0 |      15 |   0.0 |  1017
           D:5 |       0 |     825 |   0.0 |       0 |      23 |   0.0 |  1256
           D:6 |       0 |     451 |   0.0 |       0 |      15 |   0.0 |   846
           D:7 |       0 |    2930 |   0.0 |       0 |      39 |   0.0 |  1572
           D:8 |       0 |    5456 |   0.0 |       0 |      32 |   0.0 |  2644
           D:9 |       0 |    7738 |   0.0 |       0 |      57 |   0.0 |  1798
          D:10 |       0 |    3536 |   0.0 |       0 |      28 |   0.0 |  1298
          D:11 |       0 |    6469 |   0.0 |       0 |      39 |   0.0 |  1706
          D:12 |       0 |    7130 |   0.0 |       0 |      35 |   0.0 |  1032
          D:13 |       0 |   12289 |   0.0 |       0 |      48 |   0.0 |  1751
          D:14 |       0 |   22258 |   0.0 |       0 |      48 |   0.0 |  1925
          D:15 |       0 |   14159 |   0.0 |       0 |      39 |   0.0 |  1127
        Lair:1 |       0 |    4796 |   0.0 |       0 |      16 |   0.0 |   815
        Lair:2 |       0 |   14136 |   0.0 |       0 |      79 |   0.0 |  1035
        Lair:3 |       0 |   13534 |   0.0 |       0 |      31 |   0.0 |   861
        Lair:4 |       0 |   16443 |   0.0 |       0 |      52 |   0.0 |   994
        Lair:5 |       0 |    9397 |   0.0 |       0 |      27 |   0.0 |   927
        Lair:6 |       0 |   22755 |   0.0 |       0 |      35 |   0.0 |  1228
      Shoals:1 |       0 |   15930 |   0.0 |       0 |      34 |   0.0 |  1219
      Shoals:2 |       0 |   15665 |   0.0 |       0 |      33 |   0.0 |  1474
      Shoals:3 |       0 |    8699 |   0.0 |       0 |      21 |   0.0 |   700
      Shoals:4 |       0 |   43086 |   0.0 |       0 |      66 |   0.0 |  1297
      Spider:1 |       0 |   14726 |   0.0 |       0 |      40 |   0.0 |  1029
      Spider:2 |       0 |   27039 |   0.0 |       0 |      71 |   0.0 |  2210
      Spider:3 |       0 |   15878 |   0.0 |       0 |      44 |   0.0 |  1351
      Spider:4 |       0 |   38705 |   0.0 |       0 |      82 |   0.0 |  2016
       Slime:1 |       0 |    7787 |   0.0 |       0 |      17 |   0.0 |   267
       Slime:2 |       0 |    4009 |   0.0 |       0 |       6 |   0.0 |    62
         Orc:1 |       0 |    4974 |   0.0 |       0 |      28 |   0.0 |   914
         Orc:2 |       0 |   10073 |   0.0 |       0 |      34 |   0.0 |  1659
         Elf:1 |       0 |   36883 |   0.0 |       0 |      43 |   0.0 |  4395
         Elf:2 |       0 |   48517 |   0.0 |       0 |      69 |   0.0 |  3502
         Elf:3 |       0 |   63030 |   0.0 |       0 |      72 |   0.0 |  3525
           Lab |       0 |    2832 |   0.0 |       0 |       9 |   0.0 |   184
         IceCv |       0 |   10869 |   0.0 |       0 |      60 |   0.0 |  1585
       Volcano |       0 |    3188 |   0.0 |       0 |       8 |   0.0 |   176
    Desolation |       0 |   15504 |   0.0 |       0 |      28 |   0.0 |   775
               +---------+---------+-------+---------+---------+-------+---------
